 Dungeon Crawl Stone Soup version 0.30-a0-954-gcf5f444c16 (webtiles) character file.

Game seed: 9623693076705947024

25547 Jane2 the Spry (level 13, -6/88 HPs)
             Began as an Octopode Gladiator on Mar 29, 2023.
             Was a Follower of Yredelemnul.
             Mangled by a warg (15 damage)
             ... on level 1 of the Orcish Mines.
             The game lasted 01:24:29 (14752 turns).

Jane2 the Spry (Octopode Gladiator)                Turns: 14752, Time: 01:24:30

Health: -6/88      AC:  3    Str: 15    XL:     13   Next: 20%
Magic:  13/13      EV: 34    Int: 16    God:    Yredelemnul [*.....]
Gold:   1068       SH:  9    Dex: 17    Spells: 12/12 levels left

rFire   + . .      SeeInvis .    i - +4 dagger (distort)
rCold   . . .      Faith    .    e - +2 buckler
rNeg    . . .      Spirit   .    p - +2 hat
rPois   .          Reflect  .    (no amulet)
rElec   .          Rampage  .    l - ring of protection from cold
rCorr   .                        b - ring "Keymn" {Fire Contam Int+6 Stlth+}
Will    .....                    u - +5 ring of evasion
Stlth   ++++                     w - +5 ring of evasion
HPRegen 0.34/turn                (no ring)
MPRegen 0.13/turn                (no ring)
                                 (no ring)
                                 (no ring)

@: no status effects
A: almost no armour, amphibious, 8 rings, camouflage 1, gelatinous body 1,
(nimble swimmer 1), tentacles
a: Renounce Religion, Recall Undead Harvest


You were on level 1 of the Orcish Mines.
You worshipped Yredelemnul.
Yredelemnul was noncommittal.
You visited 4 branches of the dungeon, and saw 15 of its levels.
You also visited: Ossuary and Volcano.

You collected 1233 gold pieces.
You spent 165 gold pieces at shops.

Inventory:

Hand Weapons
 i - a +4 dagger of distortion (weapon)
Missiles
 c - 3 throwing nets
 v - 2 javelins
Armour
 e - a +2 buckler (worn)
 p - a +2 hat (worn)
Jewellery
 b - the ring "Keymn" (right tentacle) {Fire Contam Int+6 Stlth+}
   (You found it on level 3 of the Dungeon)

   [ring of fire]

   It enhances your fire magic.
   Int:       It affects your intelligence (+6).
   rF:        It protects you from fire.
   rC:        It makes you vulnerable to cold.
   Contam:    It causes magical contamination when unequipped.
   Stlth:     It makes you more stealthy.
 l - a ring of protection from cold (left tentacle)
 u - a +5 ring of evasion (on tentacle)
 w - a +5 ring of evasion (on tentacle)
Wands
 h - a wand of flame (5)
 n - a wand of roots (15)
 y - a wand of quicksilver (4)
 E - a wand of paralysis (6)
Scrolls
 f - 3 scrolls of fog
 g - a scroll of silence
 j - a scroll of noise
 k - a scroll of acquirement {unknown}
 m - a scroll of butterflies
 t - a scroll of magic mapping
 C - 2 scrolls of amnesia
 D - a scroll of vulnerability {unknown}
Potions
 a - a potion of berserk rage
 o - 2 potions of curing
 q - a potion of attraction
 r - 2 potions of haste
 s - a potion of brilliance
 x - a potion of magic
 z - 2 potions of lignification
 A - a potion of resistance


   Skills:
 + Level 8.2 Fighting
 + Level 11.3 Short Blades
 - Level 2.1 Throwing
 * Level 18.0 Dodging
 - Level 0.4 Stealth
 + Level 8.9 Shields


You had 12 spell levels left.
You didn't know any spells.
Your spell library contained the following spells:

 Spells                   Type           Power      Damage    Failure   Level
 Necrotise                Necr           0%         1d4       30%         1
 Summon Small Mammal      Summ           0%         N/A       30%         1
 Cigotuvi's Dreadful Rot  Necr/Pois/Air  0%         N/A       43%         2
 Ensorcelled Hibernation  Hex/Ice        0%         N/A       43%         2
 Poisonous Vapours        Pois/Air       0%         N/A       43%         2
 Call Canine Familiar     Summ           0%         N/A       67%         3
 Ignite Poison            Fire/Tmut/Pois 0%         N/A       67%         3
 Kindle Blastsparks       Fire/Tloc/Air  0%         2d10      67%         3
 Mephitic Cloud           Conj/Pois/Air  0%         N/A       67%         3
 Spider Form              Tmut/Pois      0%         N/A       67%         3
 Summon Guardian Golem    Hex/Summ       0%         N/A       67%         3
 Vampiric Draining        Necr           0%         2d6       67%         3
 Anguish                  Hex/Necr       0%         N/A       97%         4
 Leda's Liquefaction      Hex/Erth       0%         N/A       97%         4
 Agony                    Necr           0%         N/A       100%        5
 Freezing Cloud           Conj/Ice/Air   0%         6-21      100%        5
 Lee's Rapid Deconstruct  Erth           0%         3d4*      100%        5
 Statue Form              Tmut/Erth      0%         N/A       100%        6
 Haunt                    Necr/Summ      0%         N/A       100%        7
 Orb of Destruction       Conj           0%         9d5       100%        7
 Spellforged Servitor     Conj/Summ      0%         N/A       100%        7
 Infestation              Necr           0%         N/A       100%        8
 Animate Dead             Necr           Unusable   N/A       N/A         4

Dungeon Overview and Level Annotations

Branches:
Dungeon (10/15)            Temple (0/1) D:7            Lair (2/5) D:8
 Shoals (1/4) Lair:2          Orc (2/2) D:10            Elf (0/3) Orc:2
Ossuary (visited)         Volcano (visited)
  Snake: Lair:2-3    Spider: Lair:2-3

Altars:
Cheibriados
Dithmenos
Elyvilon
Gozag
Hepliaklqana
Makhleb
Ru
Trog
Vehumet
Wu Jian
Xom
Yredelemnul
The Shining One

Shops:
D:9 :[   D:10 *   Orc:2 !

Portals:
Trove: D:10 (give horn of Geryon)

Annotations:
D:8 4 transporters
D:9 3 runed translucent doors, 112233's ghost, novice HuAE; Odexios's ghost, novice OpTm; Tianax89's ghost, novice HOFi
Lair:1 exclusion: oklob plant
Abyss:1 pzskc383's ghost, novice GrFi


Innate Abilities, Weirdness & Mutations

You cannot wear most types of armour.
You are amphibious.
You can wear up to eight rings at the same time.
Your skin changes colour to match your surroundings (Stealth+).
Your rubbery body absorbs attacks. (AC +1, EV +1)
((You are camouflaged when in or above water. (Stealth+)))
You have tentacles for arms and can constrict up to eight enemies at once.


Message History

You block the warg's attack.
You hit the orc wizard.
Space warps around the orc wizard.
Your grab misses the orc wizard. Your squeeze misses the orc wizard.
The orc wizard is severely wounded.
You block the orc warrior's attack. Something barely misses you.
The orc wizard completely misses you. The orc warrior completely misses you.
Your orc wizard zombie hits the orc but does no damage.
You miss the orc wizard. Your grab misses the orc wizard.
Your squeeze misses the orc wizard.
The orc wizard is severely wounded.
The warg completely misses you.
You hit the orc wizard.
Space warps around the orc wizard.
You kill the orc wizard!
The dead are walking!
You block the orc warrior's attack. Something completely misses you.
The orc warrior misses you.
You hit the warg.
Space warps around the warg.
The warg is moderately wounded.
You block the warg's attack.
Your orc wizard zombie hits something but does no damage.
The orc warrior misses you.
You closely miss the warg. Your squeeze misses the warg.
The warg is moderately wounded.
The warg bites you. Something closely misses you. The orc misses you.
You block the orc warrior's attack.
You hit the warg.
Space warps around the warg.
You squeeze the warg.
The warg is heavily wounded.
Your orc wizard zombie hits the orc but does no damage.
Your orc wizard zombie misses something.
You block the warg's attack. The orc warrior misses you.
You hit the warg.
Space warps around the warg.
You squeeze the warg, but do no damage.
The warg is severely wounded.
Something misses you. The orc misses you.
The orc warrior hits you from afar with a +0 halberd!!
* * * LOW HITPOINT WARNING * * *
You hit the warg.
The warg is severely wounded.
The warg bites you!
You die...
Your body rises from the dead as a mindless zombie.

# #.#
#...###
#..oh@#
#....o{o#
#..#.#Z.Z..
. #.
##...#.. ..
..... .# ..
...... .. .
..###.$ .
..## ...


You could see a warg, 2 orc warriors, an orc (ally target) and 2 friendly orc
wizard zombies.

Vanquished Creatures
  2 two-headed ogres
  A dancing weapon (D:6)
  An orc high priest (Orc:2)
  A death yak (D:8)
  A skyshark (Lair:2)
  Amaemon (Lair:2)
  A sea snake (Shoals:1)
  An orc knight (Orc:1)
  An orc sorcerer (Orc:2)
  An elephant (Lair:2)
  3 merfolk sirens
  An orange demon (Lair:2)
  3 cane toads
  A komodo dragon (Lair:2)
  Maggie (D:6)
  A kobold demonologist (D:9)
  3 trolls
  2 shadows (D:10)
  10 yaks
  2 wyverns
  Eustachio (D:6)
  2 vampire mosquitoes (D:10)
  3 wargs (Orc:1)
  A two-headed ogre zombie (D:10)
  3 water moccasins
  6 orc warriors
  A black bear (Lair:2)
  An ice beast (D:8)
  2 ogres (Orc:2)
  A centaur (D:9)
  A kobold brigand (D:8)
  4 phantoms
  3 bullfrogs
  13 scorpions
  4 wights (D:8)
  3 troll zombies (D:10)
  8 killer bees
  3 howler monkeys
  5 centaur zombies (Ossuary)
  7 orc priests
  6 hounds
  A human zombie (Ossuary)
  2 jellies
  A sleepcap (D:6)
  3 iron imps (D:9)
  A gnoll bouda (D:7)
  5 iguanas
  A hell rat (D:8)
  9 orc wizards
  3 scorpion zombies (Ossuary)
  2 ogre zombies (D:10)
  2 mummies (Ossuary)
  6 gnolls
  7 adders
  A river rat (D:8)
  A shadow imp (D:5)
  A white imp (D:8)
  A worm (D:4)
  3 dart slugs
  52 orcs
  8 ball pythons
  6 endoplasms
  4 giant cockroaches (D:3)
  10 goblins
  6 hobgoblins
  4 jackals
  8 quokkas
  9 bats
  5 frilled lizards
  A goblin skeleton (D:10)
  5 goblin zombies
  A hobgoblin skeleton (D:10)
  6 hobgoblin zombies
  13 kobolds
  14 orc zombies
  11 rats
329 creatures vanquished.

Vanquished Creatures (collateral kills)
  The ghost of Morbidden the Cutter, a journeyman DsBr of Qazlal (Lair:1)
  4 elephants (Lair:2)
  A komodo dragon (Lair:2)
  A polar bear (Lair:1)
  4 yaks (D:10)
  A basilisk (Lair:2)
  A vampire mosquito (D:10)
  2 water moccasins
  2 orc warriors
  A centaur (D:8)
  A bullfrog (Lair:1)
  2 scorpions (Ossuary)
  3 killer bees (D:10)
  An electric eel (Lair:1)
  3 howler monkeys
  A human zombie (Ossuary)
  2 scorpion zombies (Ossuary)
  An orc wizard (D:10)
  An adder (D:6)
  7 orcs
  2 goblin skeletons (D:10)
  A goblin zombie (Ossuary)
  An orc skeleton (D:10)
  An orc zombie (Ossuary)
45 creatures vanquished.

Vanquished Creatures (others)
  A sea snake zombie (Shoals:1)
  A spectral orange demon (Lair:2)
  A two-headed ogre zombie (D:8)
  A skyshark zombie (Lair:2)
  A cane toad zombie (Lair:1)
  A vampire mosquito zombie (D:10)
  A water moccasin zombie (Lair:1)
  A yak zombie (D:10)
  A polar bear zombie (Lair:1)
  A bullfrog zombie (D:6)
  3 scorpion zombies
  3 killer bee zombies
  2 ogre zombies (Orc:2)
  A hound zombie (D:6)
  A howler monkey zombie (D:6)
  2 human zombies (D:6)
  A spectral iron imp (D:9)
  An adder zombie (D:6)
  30 orc zombies
  A rat zombie (D:8)
  4 fungi (Lair:2)
  14 plants
73 creatures vanquished.

Grand Total: 447 creatures vanquished

Notes
Turn   | Place    | Note
-------+----------+-------------------------------------------
     0 | D:1      | Jane2 the Octopode Gladiator began the quest for the Orb.
     0 | D:1      | Reached XP level 1. HP: 14/14 MP: 1/1
    90 | D:1      | Reached XP level 2. HP: 12/19 MP: 2/2
   416 | D:1      | Reached XP level 3. HP: 24/24 MP: 3/3
  1148 | D:2      | Reached XP level 4. HP: 11/29 MP: 4/4
  1282 | D:2      | Found a snail-covered altar of Cheibriados.
  2025 | D:3      | Identified the ring "Keymn" {Fire Contam Int+6 Stlth+}
  2056 | D:3      | Reached skill level 4 in Dodging
  2157 | D:3      | Found a glowing drain.
  2455 | D:3      | Reached XP level 5. HP: 7/35 MP: 5/5
  2921 | D:3      | Reached skill level 5 in Dodging
  3361 | D:4      | Reached XP level 6. HP: 41/41 MP: 6/6
  3766 | D:4      | Reached skill level 1 in Shields
  4118 | D:5      | Entered Level 5 of the Dungeon
  4158 | D:5      | Reached skill level 5 in Short Blades
  4161 | D:5      | Reached skill level 6 in Dodging
  4190 | D:5      | Noticed a water moccasin
  4200 | D:5      | Killed a water moccasin
  4201 | D:5      | Reached XP level 7. HP: 24/46 MP: 7/7
  4336 | D:5      | Reached skill level 7 in Dodging
  4551 | D:5      | Found a basalt altar of Yredelemnul.
  4569 | D:5      | Became a worshipper of Yredelemnul the Dark
  4830 | D:5      | Reached * piety under Yredelemnul
  4926 | D:5      | Found a snail-covered altar of Cheibriados.
  5027 | D:5      | Found a white marble altar of Elyvilon.
  5075 | D:6      | Reached skill level 8 in Dodging
  5075 | D:6      | Reached XP level 8. HP: 54/54 MP: 8/8
  5090 | D:6      | Found an ornate altar of the Wu Jian Council.
  5108 | D:6      | Reached ** piety under Yredelemnul
  5108 | D:6      | Noticed Maggie
  5116 | D:6      | Noticed Eustachio
  5133 | D:6      | Killed Eustachio
  5134 | D:6      | Reached skill level 9 in Dodging
  5138 | D:6      | Killed Maggie
  5148 | D:6      | Reached skill level 10 in Dodging
  5225 | D:6      | Found a sacrificial altar of Ru.
  5253 | D:6      | Found a runed translucent door.
  5257 | D:6      | Reached XP level 9. HP: 58/58 MP: 9/9
  5263 | D:6      | Found a shimmering altar of Xom.
  5263 | D:6      | Noticed pzskc383's ghost (novice GrFi)
  5264 | D:6      | Noticed a +2 spear of chaos
  5274 | D:6      | Banished pzskc383's ghost
  5289 | D:6      | Your ally Eustachio died
  5290 | D:6      | Your ally Maggie died
  5593 | D:6      | Reached skill level 11 in Dodging
  5595 | D:6      | Killed a +2 spear of chaos
  6003 | D:6      | Found a glowing golden altar of the Shining One.
  6003 | D:6      | Found a radiant altar of Vehumet.
  6442 | D:7      | Reached skill level 12 in Dodging
  6544 | D:7      | Reached skill level 5 in Fighting
  6566 | D:7      | Found a staircase to the Ecumenical Temple.
  6677 | D:7      | Found a sand-covered staircase.
  6681 | Ossuary  | Entered an ossuary
  6756 | Ossuary  | Reached XP level 10. HP: 44/66 MP: 10/10
  6909 | Ossuary  | Reached skill level 13 in Dodging
  7394 | D:7      | Noticed a two-headed ogre
  7401 | D:7      | Killed a two-headed ogre
  7402 | D:7      | Reached skill level 5 in Shields
  7869 | D:8      | Reached skill level 14 in Dodging
  7982 | D:8      | Found a bloodstained altar of Trog.
  7993 | D:8      | Noticed a death yak
  7993 | D:8      | Noticed a death yak
  8004 | D:8      | Banished a death yak
  8007 | D:8      | Noticed a death yak
  8028 | D:8      | Found a transporter.
  8028 | D:8      | Found a transporter.
  8032 | D:8      | Found a transporter.
  8075 | D:8      | Noticed a two-headed ogre
  8110 | D:8      | Killed a two-headed ogre
  8183 | D:8      | Banished a death yak
  8184 | D:8      | Reached skill level 15 in Dodging
  8184 | D:8      | Reached XP level 11. HP: 32/72 MP: 11/11
  8221 | D:8      | Killed a death yak
  8423 | D:8      | Found a staircase to the Lair.
  8476 | Lair:1   | Entered Level 1 of the Lair of Beasts
  8476 | Lair:1   | Noticed an oklob plant
  8663 | Lair:1   | Found a runed translucent door.
  8668 | Lair:1   | Noticed Morbidden's ghost (journeyman DsBr)
  8689 | Lair:1   | Killed Morbidden's ghost
  8980 | Lair:1   | Found a dark tunnel.
  8992 | Lair:1   | Reached skill level 10 in Short Blades
  9032 | Volcano  | Entered a volcano
  9663 | Lair:2   | Noticed a skyshark
  9688 | Lair:2   | Killed a skyshark
  9726 | Lair:2   | Reached skill level 16 in Dodging
  9760 | Lair:2   | Reached *** piety under Yredelemnul
  9772 | Lair:2   | Noticed Amaemon
  9781 | Lair:2   | Killed Amaemon
  9786 | Lair:2   | Reached **** piety under Yredelemnul
  9805 | Lair:2   | Reached XP level 12. HP: 54/80 MP: 12/12
  9894 | Lair:2   | Reached ***** piety under Yredelemnul
 10191 | Lair:2   | Found a staircase to the Shoals.
 10226 | Shoals:1 | Entered Level 1 of the Shoals
 10245 | Shoals:1 | Noticed a skyshark
 10268 | Shoals:1 | HP: 2/81 [wind drake/the air (15)]
 11054 | D:8      | Found a transporter.
 11073 | D:8      | Reached skill level 17 in Dodging
 11326 | D:9      | Found Pomacrub's Vocational Training.
 11361 | D:9      | Found a burning altar of Makhleb.
 11514 | D:9      | Found an opulent altar of Gozag.
 11634 | D:9      | Found a runed translucent gate.
 11634 | D:9      | Found a runed translucent gate.
 11634 | D:9      | Found a runed translucent gate.
 11635 | D:9      | Noticed Tianax89's ghost (novice HOFi)
 11636 | D:9      | Noticed 112233's ghost (novice HuAE)
 11691 | D:9      | Noticed Odexios's ghost (novice OpTm)
 11853 | D:9      | Found Pocrosog's Antique Armour Boutique.
 12195 | D:10     | Entered Level 10 of the Dungeon
 12205 | D:10     | Found a portal to a secret trove of treasure.
 12391 | D:10     | Found a staircase to the Orcish Mines.
 13209 | D:10     | Found a shadowy altar of Dithmenos.
 13210 | D:10     | Found a hazy altar of Hepliaklqana.
 13286 | D:10     | Found Dufarieh's Gadget Gallery.
 13566 | Orc:1    | Entered Level 1 of the Orcish Mines
 13604 | Orc:1    | Reached XP level 13. HP: 60/88 MP: 13/13
 13814 | Orc:2    | Entered Level 2 of the Orcish Mines
 14097 | Orc:2    | Found a staircase to the Elven Halls.
 14177 | Orc:2    | Found Ylig's Distillery.
 14188 | Orc:2    | Bought a potion of curing for 33 gold pieces
 14188 | Orc:2    | Bought a potion of curing for 33 gold pieces
 14188 | Orc:2    | Bought 2 potions of curing for 66 gold pieces
 14188 | Orc:2    | Bought a potion of curing for 33 gold pieces
 14682 | Orc:2    | Reached skill level 18 in Dodging
 14752 | Orc:1    | Mangled by a warg

Illustrated notes

Levels and vault maps discovered:
D:1:      shiori_arrival_oz, layout_loops_ring, minmay_box_of_dots
D:2:      layout_loops_ring, basic_altar
D:3:      layout_basic, portal_sewer_entry_f
D:4:      kennysheep_the_goblin_king, layout_basic
D:5:      layout_loops_cross, kennysheep_ying_yang, kennysheep_mini_moat,
          minivault_4, hangedman_abyss_or_decor_slice
D:6:      layout_loops_ring, mainiacjoe_overflow_chevrons,
          mainiacjoe_overflow_catwalk, mainiacjoe_overflow_divided_tiny,
          ebering_ghost_xom, uniq_eustachio, uniq_maggie
D:7:      layout_loops_ring, minmay_temple_entry_offerings, enter_ossuary_5
D:8:      layout_gridville, mainiacjoe_overflow_six_doors_small,
          dpeg_lair_monsters, hangedman_decor_clover_reticule,
          nicolae_transporter_circle
D:9:      layout_basic, lemuel_tele_altar, demons_altar,
          gammafunk_ghost_cemetery, serial_shops, shop, nicolae_shop_vocational
D:10:     layout_basic, riverfiend_overflow_shadow_ancestor, zombieorc2_lemuel,
          nicolae_trove_entry_free_sample, minmay_misc_feat_x, chequers_jeans,
          nicolae_shop_gadgets
Lair:1:   layout_gridlike, nicolae_volcano_entry_lava_flow,
          ebering_ghost_reflecting_pool, dpeg_stationary_puzzle
Lair:2:   layout_roguey, minmay_shoals_entry_lonely_mermaid,
          hellmonk_spider_entry_life_and_decay, uniq_amaemon
Shoals:1: cheibrodos_shoals_roost, layout_shoals
Orc:1:    layout_diamond_mine, basic_altar, minmay_orc_temple_b
Orc:2:    st_orc_pillars, layout_diamond_mine, serial_shops,
          nicolae_shop_crystal, nicolae_orc_sculptors_studio

Skill      XL: |  1  2  3  4  5  6  7  8  9 10 11 12 13 |
---------------+----------------------------------------+-----
Short Blades   | 4 5 6 7 8 9 10 11 | 11.3
Dodging        | 4 5 6 8 10 12 15 16 17 18 | 18.0
Shields        | 1 2 3 4 5 7 8 |  8.9
Fighting       | 3 4 5 6 7 8 |  8.2
Throwing       | |  2.1
Stealth        | |  0.4

Action                     |  1- 3 |  4- 6 |  7- 9 | 10-12 | 13-15 || total
---------------------------+-------+-------+-------+-------+-------++-------
  Melee: Rapier            |    51 |       |       |       |       ||    51
         Constrict         |    20 |    24 |    33 |    77 |    27 ||   181
         Tentacles         |    12 |    25 |    38 |   165 |    34 ||   274
         Punch             |     1 |       |     1 |    10 |     1 ||    13
         Dagger            |    21 |   136 |   161 |   531 |   124 ||   973
    Use: Scroll            |     2 |     2 |     8 |    14 |     1 ||    27
         Potion            |       |     1 |     8 |    17 |     3 ||    29
   Stab: Sleeping          |     4 |    10 |     5 |    11 |       ||    30
         Distracted        |       |       |     3 |       |       ||     3
 Armour: Skin              |     5 |    10 |     4 |    12 |     2 ||    33
  Dodge: Dodged            |    36 |    59 |   110 |   442 |   112 ||   759
  Block: Buckler           |    12 |    22 |    38 |   157 |    67 ||   296

Table legend: (Time is in decaauts)
 A = Elapsed time spent in this place.
 B = Non-inter-level travel time spent in this place.
 C = Inter-level travel time spent in this place.
 D = Time resting spent in this place.
 E = Time spent auto-exploring this place.
 F = Levels seen in this place.
 G = Mean time per level.
                   A        B        C        D        E       F      G
               +--------+--------+--------+--------+--------+-----+--------+
         Total |  14360 |  13010 |   1350 |   2590 |   5048 |  17 |  844.7 |
       Dungeon |  10646 |   9813 |    833 |   1695 |   4500 |  10 | 1064.6 |
          Lair |   1837 |   1563 |    274 |    390 |    483 |   2 |  918.5 |
        Shoals |     31 |     31 |      0 |      0 |      0 |   1 |   31.0 |
  Orcish Mines |   1121 |    878 |    243 |    327 |     65 |   2 |  560.5 |
       Ossuary |    582 |    582 |      0 |    136 |      0 |   1 |  582.0 |
       Volcano |    139 |    139 |      0 |     42 |      0 |   1 |  139.0 |
               +--------+--------+--------+--------+--------+-----+--------+

Top non-repeatable levels by time:
     D:8: 1326 daAuts
     D:6: 1324 daAuts
    D:10: 1305 daAuts
     D:3: 1238 daAuts
  Lair:1: 1057 daAuts
     D:1: 1044 daAuts
     D:2: 942 daAuts
     D:5: 926 daAuts
     D:4: 871 daAuts
     D:9: 851 daAuts
     D:7: 817 daAuts
   Orc:2: 790 daAuts
  Lair:2: 780 daAuts
 Ossuary: 582 daAuts
   Orc:1: 331 daAuts
